 Dungeon Crawl Stone Soup version 0.18.1-5-g4a78601 (webtiles) character file.

52656 MDvedh the Bludgeoner (level 14, 0/90 HPs)
             Began as a Gargoyle Gladiator on May 11, 2016.
             Was a High Priest of Okawaru.
             Slain by a hellephant (16 damage)
             ... on level 2 of the Abyss.
             The game lasted 00:52:27 (23195 turns).

MDvedh the Bludgeoner (Gargoyle Gladiator)         Turns: 23195, Time: 00:52:28

Health: 0/90       AC: 31    Str: 29    XL:     14   Next: 65%
Magic:  16/20      EV: 12    Int: 12    God:    Okawaru [*****.]
Gold:   1699       SH:  3    Dex: 10    Spells: 0 memorised, 13 levels left

rFire  + + .     SeeInvis .     V - +1 eveningstar (drain)
rCold  + + .     Gourm    +     Y - +2 chain mail of the Guilds {rCorr}
rNeg   + . .     Faith    .     h - -1 buckler "Huaralie" {Str+7 Int+3}
rPois  ∞         Spirit   .     c - +0 helmet
rElec  +         Dismiss  .     X - +0 cloak "Doagol" {rC+ Int+2}
rCorr  +         Reflect  .     D - +1 pair of gloves
SustAt .         Harm     .     O - +1 pair of boots {Stlth+}
MR     +....     Rnd*Rage +     F - amulet of the gourmand
Stlth  ..........               T - ring of fire
                                E - ring of protection from cold

@: exhausted, resistant, slowed, very slow, somewhat resistant to hostile
enchantments, extremely unstealthy
A: big wings, berserk 2, blurry vision 3, dopey 2, negative energy resistance 1,
screaming 2, electricity resistance, unbreathing, petrification resistance, rot
immunity, AC +9
a: Fly, Heroism, Finesse, Renounce Religion


You were on level 2 of the Abyss.
You worshipped Okawaru.
Okawaru was extremely pleased with you.
You were full.

You visited 4 branches of the dungeon, and saw 21 of its levels.
You visited the Abyss 1 time.

You collected 1699 gold pieces.

Inventory:

Hand Weapons
 d - a +1 flail of venom
 e - a +0 scimitar of flaming
 V - a +1 eveningstar of draining (weapon)
Missiles
 B - 6 throwing nets (quivered)
Armour
 c - a +0 helmet (worn)
 h - the -1 buckler "Huaralie" (worn) {Str+7 Int+3}
   (Okawaru gifted it to you on level 10 of the Dungeon)

   It affects your strength (+7).
   It affects your intelligence (+3).
 C - a +0 plate armour
 D - a +1 pair of gloves (worn)
 O - a +1 pair of boots of stealth (worn)
 X - the +0 cloak "Doagol" (worn) {rC+ Int+2}
   (You found it on level 7 of the Lair of Beasts)

   It affects your intelligence (+2).
   It protects you from cold.
 Y - the +2 chain mail of the Guilds (worn) {rCorr}
   (You found it on level 8 of the Lair of Beasts)

   It protects you from acid and corrosion.
Jewellery
 m - an uncursed ring of sustain attributes
 E - a ring of protection from cold (left hand)
 F - an amulet of the gourmand (around neck)
 H - an uncursed ring of positive energy
 N - an uncursed ring of ice
 T - a ring of fire (right hand)
Wands
 I - a wand of teleportation (6/9)
 K - a wand of acid (9/15)
 S - a wand of slowing (22/48)
 W - a wand of teleportation (3/9)
Scrolls
 g - 2 scrolls of recharging
 k - 8 scrolls of immolation
 l - 11 scrolls of remove curse
 n - a scroll of fog
 p - a scroll of teleportation
 q - 4 scrolls of amnesia
 t - 4 scrolls of enchant weapon
 u - 3 scrolls of enchant armour
 y - a scroll of summoning
 R - a scroll of fear
 U - 2 scrolls of blinking
Potions
 b - a potion of resistance
 r - 3 potions of ambrosia
 s - 6 potions of cure mutation
 v - 2 potions of invisibility {unknown}
 x - 2 potions of haste {unknown}
 z - a potion of degeneration {unknown}
 A - 6 potions of curing
 L - 3 potions of magic {unknown}
 P - 3 potions of might
 Q - 2 potions of agility
Books
 o - a book of Alchemy

   Spells                             Type                      Level
   a - Sublimation of Blood           Necromancy                   2
   b - Ignite Poison                  Fire/Transmutation/Poison    3
   c - Petrify                        Transmutation/Earth          4
   d - Alistair's Intoxication        Transmutation/Poison         5
   e - Irradiate                      Conjuration/Transmutation    5
Miscellaneous
 G - a lamp of fire
Comestibles
 a - 5 meat rations
 f - 7 bread rations
 i - 19 fruits
 w - 6 beef jerkies
 J - 9 slices of pizza
 M - 12 royal jellies


   Skills:
 - Level 11.6 Fighting
 * Level 15.9 Maces & Flails
 - Level 1.7 Throwing
 - Level 11.4 Armour
 - Level 8.1 Dodging
 - Level 4.8 Shields
 - Level 8.0 Invocations


You had 13 spell levels left.
You didn't know any spells.

Dungeon Overview and Level Annotations

Branches:
Dungeon (10/15)            Temple (1/1) D:4            Lair (8/8) D:10
  Swamp (0/4) Lair:5        Snake (0/4) Lair:6          Orc (2/2) D:9
    Elf (0/3) Orc:2
  Slime: Lair:6-8

Altars:
Ashenzari
Cheibriados
Dithmenos
Elyvilon
Fedhas
Gozag
Kikubaaqudgha
Makhleb
Nemelex Xobeh
Okawaru
Pakellas
Qazlal
Ru
Sif Muna
Trog
Vehumet
Xom
Yredelemnul
Zin
The Shining One

Shops:
D:8 %   D:10 *

Portals:
Trove: D:10 (give wand of hasting (9))

Annotations:
D:3 PeterLawrence's ghost, amateur MiFi
Lair:7 exclusion: 2 oklob plants


Innate Abilities, Weirdness & Mutations

You are resistant to torment.
Your stone body is resilient (AC +9).
You are immune to poison.
Your large and strong wings let you fly indefinitely.
You resist negative energy.
You are resistant to electric shocks.
You can survive without breathing.
You are immune to petrification.
You are immune to rotting.
[You often lose your temper in combat.]
[Scrolls take you much longer to read.]
[You are very dopey. (Int -4)]
[You sometimes yell uncontrollably at your foes.]


Message History

* * * LOW HITPOINT WARNING * * *
The insubstantial wisp hits you.
* * * LOW HITPOINT WARNING * * *
Unknown command.
Unknown command.
Unknown command.
You barely miss the hellephant.
The hellephant is almost dead.
The white imp gestures at you. The puff of frost misses you.
The hellephant tramples you.
* * * LOW HITPOINT WARNING * * *
You stumble backwards!
Unknown command.
Unknown command.
Unknown command.
Unknown command.
You hit the hellephant but do no damage.
The hellephant is almost dead.
The hellephant tramples you!
You die...

#.# ## ## ##.## #.#
. ## .. ##...###...
. . .
....#.....#... ....
.....Y......... #.
. .#. ...#.....#. #
. # ... ##...# # .
# .## ##.# ##v##
#.# # # .#
#...###Y..## .
....#@v...# ....
............5...
...#...v.#.....#...
..
##...###...###...
## # ##.## ##.##
#.# . # #.. ... . .
.#.... ... ...... .
. .... . #. . #....
.


You could see a hellephant, 3 insubstantial wisps and a white imp.

Vanquished Creatures
  Rupert (Lair:4)
  Snorg (Lair:3)
  A vault guard (D:10)
  Fannar (Lair:3)
  4 hydras
  Harold (Orc:1)
  Erica (D:8)
  2 ogre magi (Orc:2)
  A shadow wraith (Abyss:2)
  2 hill giants
  3 orc knights (Orc:1)
  A necromancer (Lair:6)
  An orc sorcerer (Orc:1)
  A sixfirhy (Abyss:2)
  3 griffons
  A centaur zombie (D:7)
  5 black mambas
  Psyche (D:9)
  11 spiny frogs
  3 rime drakes
  4 komodo dragons
  A demonic crawler (Abyss:2)
  8 polar bears
  2 spriggan druids
  2 trolls
  A large abomination (Abyss:2)
  A queen bee (Lair:2)
  Grinder (D:6)
  5 two-headed ogres (Orc:2)
  3 raiju (Abyss:2)
  17 blink frogs
  3 wyverns
  11 spriggans
  20 yaks
  A vampire (D:10)
  4 redbacks (Lair:8)
  A human (D:8)
  2 basilisks
  A neqoxec (Abyss:2)
  2 hungry ghosts
  8 hippogriffs
  Menkaure (D:6)
  4 wargs
  Edmund (D:4)
  2 nagas (Lair:6)
  2 insubstantial wisps (Abyss:2)
  12 water moccasins
  5 porcupines
  2 small abominations (Abyss:2)
  12 orc warriors
  A necrophage (D:8)
  8 black bears
  2 wasps (Lair:8)
  A phantom (D:4)
  A sky beast (D:10)
  16 wolves (Lair:8)
  An eye of draining (D:9)
  19 ogres
  7 centaurs
  17 crocodiles
  Blork the orc (Orc:1)
  2 big kobolds
  10 giant frogs
  A gnoll sergeant (D:9)
  2 scorpions (D:6)
  30 killer bees
  5 wights (D:9)
  4 howler monkeys
  5 jellies
  5 hounds
  3 crimson imps
  Crazy Yiuf (D:4)
  14 orc priests
  A giant frog skeleton (D:9)
  4 iguanas
  14 orc wizards
  4 worker ants (D:5)
  A polar bear simulacrum (Lair:6)
  3 yak simulacra (Lair:6)
  4 wolf simulacra (Lair:6)
  10 sheep
  2 hound skeletons
  Robin (D:4)
  5 gnolls (D:9)
  4 adders
  40 river rats
  A shadow imp (D:10)
  An ufetubus (Abyss:2)
  An adder skeleton (D:6)
  An adder zombie (D:9)
  2 worms
  4 dart slugs
  5 giant geckos
  49 orcs
  4 ball pythons
  6 bats
  3 giant cockroaches
  17 goblins
  8 hobgoblins
  11 jackals
  21 kobolds
  3 quokkas
  A giant newt (D:1)
  6 rats
  3 river rat simulacra (Lair:6)
580 creatures vanquished.

Vanquished Creatures (others)
  A human (D:9)
  7 fungi
  3 plants
11 creatures vanquished.

Grand Total: 591 creatures vanquished

Notes
Turn   | Place    | Note
--------------------------------------------------------------
     0 | D:1      | MDvedh the Gargoyle Gladiator began the quest for the Orb.
     0 | D:1      | Reached XP level 1. HP: 12/12 MP: 1/1
    92 | D:1      | Reached XP level 2. HP: 17/17 MP: 2/2
   504 | D:1      | Reached skill level 4 in Maces & Flails
   638 | D:1      | Reached XP level 3. HP: 21/21 MP: 3/3
  1308 | D:2      | Reached XP level 4. HP: 20/26 MP: 4/4
  1387 | D:2      | Found a bloodstained altar of Trog.
  1524 | D:2      | Reached skill level 5 in Maces & Flails
  2213 | D:3      | Noticed PeterLawrence's ghost (amateur MiFi)
  2913 | D:2      | Reached XP level 5. HP: 10/30 MP: 5/5
  3512 | D:4      | Noticed Crazy Yiuf
  3527 | D:4      | Killed Crazy Yiuf
  3704 | D:4      | Reached skill level 6 in Maces & Flails
  3843 | D:4      | Noticed a phantom
  4139 | D:4      | Found a staircase to the Ecumenical Temple.
  4163 | Temple   | Entered the Ecumenical Temple
  4206 | Temple   | Became a worshipper of Warmaster Okawaru
  4222 | D:4      | Noticed Edmund
  4295 | D:4      | Noticed an ogre
  4313 | D:4      | Killed an ogre
  4313 | D:4      | Reached XP level 6. HP: 23/35 MP: 6/6
  4409 | D:4      | Killed Edmund
  4409 | D:4      | Reached skill level 7 in Maces & Flails
  4490 | D:4      | Reached * piety under Okawaru
  4535 | D:4      | Reached XP level 7. HP: 13/40 MP: 7/7
  4791 | D:4      | Reached skill level 8 in Maces & Flails
  4865 | D:4      | Noticed Robin
  4873 | D:4      | Killed Robin
  5009 | D:5      | Entered Level 5 of the Dungeon
  5289 | D:5      | Reached skill level 9 in Maces & Flails
  5444 | D:5      | Found an opulent altar of Gozag.
  5465 | D:5      | Reached XP level 8. HP: 21/44 MP: 8/8
  5934 | D:6      | Noticed Menkaure
  5953 | D:6      | Killed Menkaure
  5953 | D:6      | Reached ** piety under Okawaru
  5953 | D:6      | Reached skill level 10 in Maces & Flails
  6389 | D:6      | Noticed Grinder
  6398 | D:6      | Killed Grinder
  6398 | D:6      | Reached skill level 11 in Maces & Flails
  6640 | D:5      | Reached XP level 9. HP: 41/48 MP: 9/9
  6764 | D:7      | Found a radiant altar of Vehumet.
  6827 | D:7      | Reached *** piety under Okawaru
  7250 | D:7      | Reached skill level 12 in Maces & Flails
  7723 | D:7      | Found a basalt altar of Yredelemnul.
  7851 | D:7      | Reached skill level 13 in Maces & Flails
  8038 | D:7      | Found a blossoming altar of Fedhas.
  8041 | D:7      | Found a white marble altar of Elyvilon.
  8203 | D:8      | Reached **** piety under Okawaru
  8730 | D:8      | Found Bofod's Food Boutique.
  8737 | D:8      | Reached XP level 10. HP: 40/53 MP: 10/10
  8945 | D:8      | Noticed Erica
  8965 | D:8      | Killed Erica
  8965 | D:8      | Reached skill level 14 in Maces & Flails
  9016 | D:8      | Noticed a hill giant
  9093 | D:8      | Killed a hill giant
  9093 | D:8      | Reached skill level 1 in Armour
  9093 | D:8      | Reached skill level 1 in Shields
  9093 | D:8      | Reached skill level 1 in Invocations
 10034 | D:9      | Noticed Psyche
 10050 | D:9      | Killed Psyche
 10050 | D:9      | Reached ***** piety under Okawaru
 10240 | D:9      | Found a staircase to the Orcish Mines.
 10307 | D:9      | Found a glowing silver altar of Zin.
 10684 | D:9      | Found an ancient bone altar of Kikubaaqudgha.
 10726 | D:10     | Entered Level 10 of the Dungeon
 10762 | D:10     | Reached XP level 11. HP: 61/62 MP: 12/14
 10894 | D:10     | Found a staircase to the Lair.
 11217 | D:10     | Reached skill level 5 in Fighting
 11239 | D:10     | Noticed a hill giant
 11252 | D:10     | Killed a hill giant
 11252 | D:10     | Received a gift from Okawaru
 11252 | D:10     | Reached skill level 5 in Invocations
 11263 | D:10     | Got a fine buckler {god gift}
 11274 | D:10     | Identified the -1 buckler "Huaralie" {Str+7 Int+3} (Okawaru gifted it to you on level 10 of the Dungeon)
 11312 | D:10     | Found Sato's General Store.
 11378 | D:10     | Noticed a vault guard
 11406 | D:10     | Killed a vault guard
 11918 | D:10     | Reached skill level 5 in Armour
 11994 | D:10     | Found a portal to a secret trove of treasure.
 12090 | Lair:1   | Entered Level 1 of the Lair of Beasts
 12748 | Lair:1   | Found a dark tunnel.
 13504 | Lair:2   | Reached XP level 12. HP: 64/72 MP: 16/18
 13523 | Lair:2   | Received a gift from Okawaru
 14425 | Lair:2   | Found a blossoming altar of Fedhas.
 14775 | Lair:3   | Noticed Snorg
 14830 | Lair:3   | Killed Snorg
 14843 | Lair:3   | Received a gift from Okawaru
 14941 | Lair:3   | Noticed a seven-headed hydra
 14943 | Lair:3   | Noticed Fannar
 14964 | Lair:3   | Killed a one-headed hydra
 15159 | Lair:3   | Killed Fannar
 15207 | Lair:3   | You fall through a shaft for 3 floors!
 15265 | Lair:6   | Reached skill level 5 in Dodging
 15771 | Lair:5   | Found a staircase to the Swamp.
 16515 | Lair:4   | Noticed Rupert
 16518 | Lair:4   | Paralysed by Rupert for 2 turns
 16550 | Lair:4   | Killed Rupert
 16550 | Lair:4   | Reached XP level 13. HP: 24/82 MP: 14/19
 16901 | Lair:4   | Reached skill level 10 in Fighting
 17995 | Lair:6   | Found a staircase to the Snake Pit.
 18183 | Lair:6   | Reached skill level 10 in Armour
 18319 | Lair:7   | Got a jewelled cloak
 18330 | Lair:7   | Identified the +0 cloak "Doagol" {rC+ Int+2} (You found it on level 7 of the Lair of Beasts)
 18627 | Lair:7   | Received a gift from Okawaru
 19374 | Lair:7   | Found a deep blue altar of Sif Muna.
 19562 | Lair:8   | Entered Level 8 of the Lair of Beasts
 19846 | Lair:8   | Received a gift from Okawaru
 20210 | Lair:8   | Gained mutation: Your large and strong wings let you fly indefinitely. [Gargoyle growth]
 20210 | Lair:8   | Reached XP level 14. HP: 89/90 MP: 20/20
 20586 | Lair:7   | Received a gift from Okawaru
 21230 | Lair:8   | Got a bloodstained chain mail
 21241 | Lair:8   | Identified the +2 chain mail of the Guilds {rCorr} (You found it on level 8 of the Lair of Beasts)
 21731 | Orc:1    | Entered Level 1 of the Orcish Mines
 21850 | Orc:1    | Noticed Blork the orc
 21861 | Orc:1    | Reached skill level 15 in Maces & Flails
 21869 | Orc:1    | Killed Blork the orc
 22089 | Orc:1    | Noticed Harold
 22118 | Orc:1    | Killed Harold
 22322 | Orc:2    | Entered Level 2 of the Orcish Mines
 22466 | Orc:2    | Received a gift from Okawaru
 22492 | Orc:2    | Cast into level 2 of the Abyss (an ogre mage)
 22620 | Abyss:2  | Noticed a hellephant
 23156 | Abyss:2  | Noticed a hellephant
 23195 | Abyss:2  | Slain by a hellephant

Skill      XL: |  1  2  3  4  5  6  7  8  9 10 11 12 13 14 |
---------------+-------------------------------------------+-----
Maces & Flails | 4 5 6 7 9 11 13 14 15 | 15.9
Armour         | 3 6 9 11 | 11.4
Shields        | 4 |  4.8
Invocations    | 4 8 |  8.0
Fighting       | 4 7 9 11 | 11.6
Dodging        | 6 7 8 |  8.1
Throwing       | |  1.7

Action                   |  1- 3 |  4- 6 |  7- 9 | 10-12 | 13-15 || total
-------------------------+-------+-------+-------+-------+-------++-------
Melee: Flail             |   112 |   175 |   364 |  1021 |   671 ||  2343
       Scimitar          |       |       |       |    11 |       ||    11
       Eveningstar       |       |       |       |       |   368 ||   368
Throw: Throwing net      |       |     3 |     1 |       |       ||     4
Invok: Heroism           |       |       |    11 |    22 |    14 ||    47
       Finesse           |       |       |       |     3 |     3 ||     6
Evoke: Wand              |       |       |       |       |     1 ||     1
  Use: Scroll            |       |     4 |    11 |     5 |     4 ||    24
       Potion            |       |     1 |     3 |     3 |     4 ||    11
 Stab: Held in net/web   |       |     1 |       |       |       ||     1
  Eat: Chunk             |     1 |     3 |    28 |    30 |    23 ||    85
       Pizza             |       |     1 |       |       |       ||     1
       Beef jerky        |       |     1 |       |       |       ||     1
       Meat ration       |       |     1 |       |     2 |       ||     3
       Bread ration      |       |       |     5 |       |       ||     5
Armor: Leather armour    |    39 |     6 |       |       |       ||    45
       Ring mail         |       |    40 |       |       |       ||    40
       Chain mail        |       |    39 |    46 |       |   104 ||   189
       Plate armour      |       |       |   130 |   528 |   589 ||  1247
       Skin              |       |       |    14 |     3 |       ||    17
Dodge: Dodged            |    80 |    79 |    73 |   297 |   529 ||  1058
Block: Buckler           |       |     8 |    33 |   133 |   190 ||   364
